 Dungeon Crawl Stone Soup version 0.24.0-41-g2ae2f7f1be (webtiles) character file.

Game seed: 3153973928854291881, levelgen mode: deterministic

483 Iamsoldier the Skirmisher (level 6, -3/55 HPs)
             Began as a Demonspawn Fighter on Dec 13, 2019.
             Was an Initiate of Dithmenos.
             Slain by ThereIsNoGod's ghost (8 damage)
             ... on level 4 of the Dungeon.
             The game lasted 00:11:52 (4535 turns).

Iamsoldier the Skirmisher (Demonspawn Fighter)      Turns: 4535, Time: 00:11:52

Health: -3/55      AC:  7    Str: 22    XL:     6   Next: 87%
Magic:  0/6        EV: 13    Int: 10    God:    Dithmenos [......]
Gold:   191        SH: 10    Dex: 17    Spells: 5/5 levels left

rFire    . . .     SeeInvis .   b - +1 dagger
rCold    . . .     Gourm    .   c - +0 shield
rNeg     . . .     Faith    .   d - +1 robe of Noekliteri {Dex+4 Stlth+} (curse)
rPois    .         Spirit   +   (no helmet)
rElec    .         Reflect  .   (no cloak)
rCorr    .         Harm     .   n - +0 pair of gloves
MR       .....                  e - +0 pair of boots
Stlth    +++++++...             (no amulet)
HPRegen  0.18/turn              m - ring of stealth
MPRegen  0.10/turn              (no ring)

@: mighty
A: talons 1, molten scales 1, nightstalker 2, magic shield
a: Renounce Religion


You were on level 4 of the Dungeon.
You worshipped Dithmenos.
Dithmenos was noncommittal.
You were not hungry.

You visited 2 branches of the dungeon, and saw 5 of its levels.

You collected 191 gold pieces.

Inventory:

Hand Weapons
 a - a +0 trident
 b - a +1 dagger (weapon)
Armour
 c - a +0 shield (worn)
 d - the cursed +1 robe of Noekliteri (worn) {Dex+4 Stlth+}
   (You found it on level 4 of the Dungeon)

   It affects your dexterity (+4).
   It makes you more stealthy.
   It has a curse placed upon it.
 e - a +0 pair of boots (worn)
 g - a +0 ring mail
 k - a +0 chain mail
 n - a +0 pair of gloves (worn)
Jewellery
 m - a ring of stealth (left hand)
Scrolls
 h - 3 scrolls of amnesia
 i - 9 scrolls of remove curse
 j - 5 scrolls of identify
Comestibles
 f - 6 rations


   Skills:
 + Level 7.0 Fighting
 * Level 5.7 Short Blades
 - Level 3.0 Polearms
 - Level 3.3 Armour
 + Level 5.4 Dodging
 + Level 5.9 Stealth
 - Level 3.2 Shields


You had 5 spell levels left.
You didn't know any spells.
Your spell library contained the following spells:

 Spells                   Type           Power        Failure   Level  Hunger
 Animate Skeleton         Necr           N/A          86%         1    ##.....
 Apportation              Tloc           #.....       86%         1    ##.....
 Confusing Touch          Hex            #.....       86%         1    ##.....
 Summon Small Mammal      Summ           #...         86%         1    ##.....


Dungeon Overview and Level Annotations

Branches:
Dungeon (4/15)             Temple (1/1) D:4

Altars:
Ashenzari
Dithmenos
Elyvilon
Fedhas
Gozag
Hepliaklqana
Kikubaaqudgha
Makhleb
Nemelex Xobeh
Okawaru
Qazlal
Ru
Sif Muna
Trog
Vehumet
Wu Jian
Xom
Yredelemnul
The Shining One

Annotations:
D:4 ThereIsNoGod's ghost, amateur NaTm


Innate Abilities, Weirdness & Mutations

You have sharp toenails.
You are partially covered in molten scales. (AC +2)
You are significantly more attuned to the shadows.
When hurt, damage is shared between your health and your magic reserves.


Message History

As you read the scroll labeled NIOTESM IRARA, it crumbles to dust.
It is a scroll of enchant weapon.
Your +0 dagger glows red for a moment.
ThereIsNoGod's ghost hits you!
* * * LOW HITPOINT WARNING * * *
As you read the scroll labeled WYESEACREA, it crumbles to dust.
It is a scroll of amnesia.
You feel forgetful for a moment.
You block ThereIsNoGod's ghost's attack.
ThereIsNoGod's ghost misses you.
ThereIsNoGod's ghost hits you but does no damage.
You see here a potion of might.
l - a potion of might ThereIsNoGod's ghost hits you.
* * * LOW HITPOINT WARNING * * *
You feel very mighty all of a sudden. ThereIsNoGod's ghost misses you.
You closely miss ThereIsNoGod's ghost.
ThereIsNoGod's ghost is heavily damaged.
ThereIsNoGod's ghost hits you!
You die...

####.##.##...#.#.#.#
.........+...#.#.#.#
#.........#.#.#.#####
##..###...##.#.#......
##..##⌠##..##.#.#......
#..##...##..#.#.#......
#.##..%..##.#..........
#.'..W♣..⌠#............
#.##..@(.##........##.#
#..##...##...##.#.###.#
#...##⌠##....##.#.# #.#
#.#..###....###.#.# #.#
#.##.....#### #.#.# #.#
......### #.#.# #.#
###.#.########.#.# #.#
.................# #..
#####.########.#.###.#


You could see ThereIsNoGod's ghost.

Vanquished Creatures
  A hound (D:2)
  4 worker ants (D:4)
  5 adders
  An ooze (D:4)
  An adder skeleton (D:3)
  2 worms
  2 dart slugs
  2 leopard geckos
  4 orcs (D:3)
  10 bats
  5 giant cockroaches
  2 goblins
  8 hobgoblins
  4 jackals (D:3)
  3 quokkas
  A ball python (D:2)
  5 frilled lizards
  10 kobolds
  A quokka skeleton (D:4)
  8 rats
79 creatures vanquished.

Notes
Turn   | Place    | Note
-------+----------+-------------------------------------------
     0 | D:1      | Iamsoldier the Demonspawn Fighter began the quest for the
                  | Orb.
     0 | D:1      | Reached XP level 1. HP: 18/18 MP: 1/1
    64 | D:1      | You fall into a shaft and drop 1 floor!
   144 | D:1      | Gained mutation: You are slightly more attuned to the
                  | shadows. [demonic ancestry]
   144 | D:1      | Reached XP level 2. HP: 21/24 MP: 2/2
   655 | D:2      | Gained mutation: You are significantly more attuned to the
                  | shadows. [demonic ancestry]
   655 | D:2      | Reached XP level 3. HP: 17/29 MP: 3/3
   873 | D:2      | Found a basalt altar of Yredelemnul.
  1175 | D:2      | Gained mutation: You are partially covered in molten
                  | scales. (AC +2) [demonic ancestry]
  1175 | D:2      | Reached XP level 4. HP: 32/35 MP: 4/4
  1350 | D:2      | Found a hazy altar of Hepliaklqana.
  1351 | D:2      | Found a shimmering altar of Xom.
  1351 | D:2      | Noticed a hell beast
  1352 | D:2      | Noticed a hell beast
  1352 | D:2      | Noticed a spectral ugly thing
  2668 | D:4      | Found a staircase to the Ecumenical Temple.
  2699 | D:4      | Reached skill level 1 in Short Blades
  2699 | D:4      | Gained mutation: You have sharp toenails. [demonic
                  | ancestry]
  2699 | D:4      | Reached XP level 5. HP: 37/41 MP: 5/5
  2710 | Temple   | Entered the Ecumenical Temple
  2894 | Temple   | Became a worshipper of Dithmenos the Shadowed
  3281 | D:4      | Identified the cursed +1 robe of Noekliteri {Dex+4 Stlth+}
                  | (You found it on level 4 of the Dungeon)
  3379 | D:4      | Reached skill level 1 in Dodging
  3379 | D:4      | Reached skill level 1 in Stealth
  3944 | D:4      | Reached skill level 7 in Fighting
  3944 | D:4      | Reached skill level 5 in Short Blades
  3944 | D:4      | Reached skill level 5 in Dodging
  3944 | D:4      | Reached skill level 5 in Stealth
  3944 | D:4      | Gained mutation: When hurt, damage is shared between your
                  | health and your magic reserves. [demonic ancestry]
  3944 | D:4      | Reached XP level 6. HP: 9/55 MP: 6/6
  4445 | D:4      | Found a runed translucent door.
  4445 | D:4      | Noticed ThereIsNoGod's ghost (amateur NaTm)
  4535 | D:4      | Slain by ThereIsNoGod's ghost

Levels and vault maps discovered:
D:1:      tarquinn_simple_flora_water_b, layout_basic, minmay_tetromino_t2
D:2:      layout_loops_ring, regret_index_temple_of_mockery, old_standard_altar
D:3:      layout_basic, first_ration
D:4:      layout_basic, minmay_temple_entry_statues,
          hellmonk_ghost_happy_afterlife, kennysheep_generic_room_8
Temple:   regret_index_temple_sphere_string

Skill      XL: |  1  2  3  4  5 |
---------------+----------------+-----
Polearms       | 2 3 |  3.0
Armour         | 3 |  3.3
Shields        | 3 |  3.2
Short Blades   | 1 5 |  5.7
Dodging        | 5 |  5.4
Stealth        | 5 |  5.9
Fighting       | 7 |  7.0

Action                   |  1- 3 |  4- 6 || total
-------------------------+-------+-------++-------
Melee: Trident           |   155 |    21 ||   176
       Dagger            |       |   311 ||   311
  Use: Potion            |       |     6 ||     6
       Scroll            |       |     5 ||     5
 Stab: Sleeping          |       |    11 ||    11
       Distracted        |       |     1 ||     1
  Eat: Chunk             |     1 |     9 ||    10
       Ration            |       |     1 ||     1
Armor: Scale mail        |    39 |       ||    39
       Chain mail        |    22 |    18 ||    40
       Ring mail         |       |    51 ||    51
       Robe              |       |    25 ||    25
       Skin              |       |    21 ||    21
Dodge: Dodged            |    22 |   101 ||   123
Block: Shield            |    65 |   133 ||   198
